 Dungeon Crawl Stone Soup version 0.20.1-1-g8b1a95d (console) character file.

39 bli the Chiller (level 3, 0/24 HPs)
             Began as a Merfolk Ice Elementalist on July 22, 2017.
             Succumbed to a kobold's poison
             ... on level 2 of the Dungeon.
             The game lasted 00:04:18 (919 turns).

bli the Chiller (Merfolk Ice Elementalist)           Turns: 919, Time: 00:04:19

Health: 0/24       AC:  2    Str:  8    XL:     3   Next: 45%
Magic:  4/6        EV: 13    Int: 19    God:
Gold:   52         SH:  4    Dex: 15    Spells: 3/7 levels left

rFire    . . .     SeeInvis .   d - +0 dagger
rCold    . . .     Gourm    .   e - +0 buckler
rNeg     . . .     Faith    .   a - +0 robe
rPois    .         Spirit   .   (no helmet)
rElec    .         Reflect  .   (no cloak)
rCorr    .         Harm     .   (no gloves)
MR       .....                  (no boots)
Stlth    ++........             (no amulet)
Regen    0.1/turn               r - +5 ring of intelligence
MPRegen  0.1/turn               (no ring)

@: lethally poisoned (0 -> -23), hasted, very quick
A: change form in water, swift swim, stealthy swim
a: no special abilities


You were on level 2 of the Dungeon.
You were not hungry.

You visited 1 branch of the dungeon, and saw 2 of its levels.

You collected 52 gold pieces.

Inventory:

Hand Weapons
 d - a +0 dagger (weapon)
Missiles
 h - 8 javelins (quivered)
 n - 25 stones
Armour
 a - a +0 robe (worn)
 e - a +0 buckler (worn)
Jewellery
 r - a +5 ring of intelligence (left hand)
Scrolls
 g - a scroll of teleportation {unknown}
 i - 3 scrolls of identify {unknown}
 j - a scroll of remove curse {unknown}
 l - 2 scrolls of recharging {unknown}
 m - a scroll of fear {unknown}
 o - a scroll of fog {unknown}
Potions
 k - a potion of mutation {unknown}
 s - a potion of flight {unknown}
 t - a potion of resistance {unknown}
Books
 b - a book of Frost

   Spells                             Type                      Level
   a - Freeze                         Ice                          1
   b - Throw Frost                    Conjuration/Ice              2
   c - Ozocubu's Armour               Charms/Ice                   3
   d - Throw Icicle                   Conjuration/Ice              4
   e - Summon Ice Beast               Ice/Summoning                4
Comestibles
 c - a bread ration
 p - 2 chunks of flesh
 q - a royal jelly


   Skills:
 + Level 3.0 Dodging
 + Level 2.3 Stealth
 + Level 0.4 Shields
 * Level 2.5 Spellcasting
   Level 0.7 Conjurations
 + Level 4.0 Ice Magic


You had 3 spell levels left.
You knew the following spells:

 Your Spells              Type           Power        Failure   Level  Hunger
a - Freeze                Ice            ###.         4%          1    #......
O - Ozocubu's Armour      Chrm/Ice       ##......     32%         3    ###....


Dungeon Overview and Level Annotations

Branches:
Dungeon (2/15)

Altars:


Message History

You freeze the kobold.
The kobold is moderately wounded.
You feel sick.
The kobold hits you with a short sword of venom.
You are more poisoned.
Casting: Freeze
Confirm with . or Enter, or press ? or * to list all spells.
Aiming: Freeze
Press: ? - help, Shift-Dir - straight line, f/p - kobold
Aim: a kobold, wielding a short sword of venom (moderately wounded)
You freeze the kobold.
You kill the kobold!
You feel sick.
You feel sick. The dart slug launches a dart at you. The slug dart hits you!
* * * LOW HITPOINT WARNING * * *
You see here a short sword of venom.
It was a potion of haste.
You feel yourself speed up.
You die...

.. #.# ##.###.# #
##....... .# ...###..#
###.## # #.#$#..# .....
.# #.###..####.#.##.###
#......w....#......
###.###@###.....#.#
........(.........###.
########.#####.....[...
##.b .#...#####.........
.................#####..
#......#........#[()#..
#......#..####..#?))#..
#..#.#.#..## #..#($%#..
#......#...###..#####..
#..#..<#...............
#..........###.........


You could see a dart slug.

Vanquished Creatures
  An adder (D:2)
  An ooze (D:1)
  A dart slug (D:1)
  5 bats (D:1)
  A giant cockroach (D:1)
  2 goblins (D:1)
  3 hobgoblins (D:1)
  5 kobolds
  2 frilled lizards (D:1)
  4 rats (D:1)
25 creatures vanquished.

Notes
Turn   | Place    | Note
-------+----------+-------------------------------------------
     0 | D:1      | bli the Merfolk Ice Elementalist began the quest for the Orb.
     0 | D:1      | Reached XP level 1. HP: 13/13 MP: 3/3
    98 | D:1      | Reached XP level 2. HP: 8/19 MP: 0/5
   623 | D:1      | Reached skill level 4 in Ice Magic
   642 | D:1      | Reached XP level 3. HP: 23/24 MP: 4/6
   836 | D:1      | Learned a level 3 spell: Ozocubu's Armour
   918 | D:2      | HP: 1/24 [dart slug/slug dart (7)]
   919 | D:2      | Succumbed to a kobold's poison

Skill      XL: |  1  2  3 |
---------------+----------+-----
Ice Magic      | 4 |  4.0
Dodging        | 3 |  3.0
Stealth        | |  2.3
Shields        | |  0.4
Spellcasting   | |  2.5
Conjurations   | |  0.7

Action                   || total
-------------------------++-------
Melee: Dagger            ||    58
Throw: Javelin           ||     2
 Cast: Freeze            ||    24
  Use: Potion            ||     1
 Stab: Sleeping          ||     2
Armor: Robe              ||    10
Dodge: Dodged            ||    47
Block: Buckler           ||    16
